 Dungeon Crawl Stone Soup version 0.28.0-53-g5a82cb258f (webtiles) character file.

Game seed: 406721546364743497

141 adizb the Ruffian (level 5, 0/53 HPs)
             Began as a Troll Monk on Aug 4, 2022.
             Slain by an adder (4 damage)
             ... on level 3 of the Dungeon.
             The game lasted 00:04:39 (1892 turns).

adizb the Ruffian (Troll Monk)                      Turns: 1892, Time: 00:04:40

Health: 0/53       AC:  4    Str: 21    XL:     5   Next: 3%
Magic:  4/4        EV: 10    Int:  6    God:
Gold:   72         SH:  0    Dex: 12    Spells: 4/4 levels left

rFire   . . .      SeeInvis .     - Unarmed
rCold   . . .      Faith    .   (no shield)
rNeg    . . .      Spirit   .   a - +0 robe
rPois   .          Reflect  .   (helmet restricted)
rElec   .          Harm     .   (no cloak)
rCorr   .          Rampage  .   (gloves unavailable)
Will    +....                   (boots unavailable)
Stlth   ++........              (no amulet)
HPRegen 0.97/turn               (no ring)
MPRegen 0.09/turn               (no ring)

@: hasted, very quick
A: large, unfitting armour, claws 3, regeneration 1, shaggy fur 1, tough skin 1,
talons 1, strong-willed 1, screaming 1
a: no special abilities


You were on level 3 of the Dungeon.
You visited 1 branch of the dungeon, and saw 3 of its levels.

You collected 72 gold pieces.

Inventory:

Armour
 a - a +0 robe (worn)
Scrolls
 b - a scroll of enchant armour {unknown}
 c - a scroll of vulnerability {unknown}
 f - a scroll of amnesia {unknown}
 h - a scroll of immolation {unknown}
 j - a scroll of summoning {unknown}
 k - a scroll of blinking {unknown}
Potions
 i - a potion of lignification {unknown}
 m - a potion of ambrosia {unknown}


   Skills:
 + Level 3.1 Fighting
 + Level 3.1 Dodging
 - Level 1.0 Stealth
 * Level 4.5 Unarmed Combat


You had 4 spell levels left.
You didn't know any spells.
Your spell library contained the following spells:

 Spells                   Type           Power      Damage    Failure   Level
 Summon Guardian Golem    Hex/Summ       0%         N/A       83%         3
 Orb of Destruction       Conj           0%         9d5       100%        7
 Spellforged Servitor     Conj/Summ      0%         N/A       100%        7


Dungeon Overview and Level Annotations

Branches:
Dungeon (3/15)

Altars:
Vehumet

Annotations:
D:3 Grinder


Innate Abilities, Weirdness & Mutations

You are too large for most types of armour.
You have claws for hands.
Your natural rate of healing is unusually fast.
You are covered in fur. (AC +1)
You have tough skin. (AC +1)
You have sharp toenails.
You are strong-willed. (Will+)
You occasionally shout uncontrollably at your foes.


Message History

As you read the scroll labelled ZICROTEXZO, it crumbles to dust.
It is a scroll of enchant weapon.
You aren't carrying any weapons that can be enchanted.
The adder bites you but does no damage. Grinder hits you.
* * * LOW HITPOINT WARNING * * *
You writhe in agony.
* * * LOW HITPOINT WARNING * * *
Grinder blinks!
The adder bites you but does no damage.
An adder comes into view.
Found 4 gold pieces.
You barely miss the adder.
The adder is moderately wounded.
The adder closely misses you.
You scratch the adder.
The adder is moderately wounded.
The adder bites you.
* * * LOW HITPOINT WARNING * * *
You are poisoned.
The adder poisons you! The adder closely misses you.
You scratch the adder.
The adder is severely wounded.
You feel sick.
The adder hisses angrily.
The adder barely misses you.
You scratch the adder.
You kill the adder!
You feel sick.
You have reached level 5!
You feel sick.
It was a potion of mutation.
You feel extremely strange.
You feel the urge to shout.
You feel strong-willed.
Your toenails lengthen and sharpen.
You feel sick.
It was a potion of magic.
Magic courses through your body.
You feel sick. The adder bites you.
* * * LOW HITPOINT WARNING * * *
It was a potion of haste.
You feel yourself speed up.
You feel sick.
You are no longer poisoned.
The adder bites you.
You die...

.#...#........####<.#
.....+[†............#
.#####........####..#
.# #........# #..# .#
#........# #..# .#
#........# #..# ##
#........## #..##
#..........##...#
..........@.5..##
......S###...# .
.......###'#.##.?..
.......#............
.......#...........#
..$....#...........#
########...........#
#...........#
###..#.####+#


You could see Grinder (strong) and an adder.

Vanquished Creatures
  An orc wizard (D:3)
  7 adders
  A worm (D:2)
  2 dart slugs (D:1)
  4 orcs (D:3)
  6 ball pythons
  6 endoplasms
  2 giant cockroaches
  3 goblins
  4 hobgoblins (D:2)
  4 bats
  A frilled lizard (D:3)
  2 kobolds (D:2)
43 creatures vanquished.

Notes
Turn   | Place    | Note
-------+----------+-------------------------------------------
     0 | D:1      | adizb the Troll Monk began the quest for the Orb.
     0 | D:1      | Reached XP level 1. HP: 22/22 MP: 0/0
   175 | D:1      | Reached XP level 2. HP: 28/29 MP: 1/1
   808 | D:2      | Reached XP level 3. HP: 35/36 MP: 2/2
   917 | D:2      | Found a faded altar of an unknown god.
  1165 | D:2      | Found a radiant altar of Vehumet.
  1224 | D:2      | Reached skill level 4 in Unarmed Combat
  1288 | D:2      | Reached XP level 4. HP: 44/44 MP: 3/3
  1871 | D:3      | Noticed Grinder
  1889 | D:3      | Reached XP level 5. HP: 5/53 MP: 4/4
  1890 | D:3      | Gained mutation: You occasionally shout uncontrollably at
                  | your foes. [potion of mutation]
  1890 | D:3      | Gained mutation: You are strong-willed. (Will+) [potion of
                  | mutation]
  1890 | D:3      | Gained mutation: You have sharp toenails. [potion of
                  | mutation]
  1892 | D:3      | Slain by an adder

Illustrated notes

Levels and vault maps discovered:
D:1:      shiori_arrival_elements, layout_basic
D:2:      layout_loops_corners, ebering_ecumenical_altar_petrified, basic_altar
D:3:      layout_basic, minmay_unequal, uniq_grinder

Skill      XL: |  1  2  3  4 |
---------------+-------------+-----
Unarmed Combat | 4 |  4.5
Fighting       | 3 |  3.1
Dodging        | 3 |  3.1
Stealth        | |  1.0

Action                   |  1- 3 |  4- 6 || total
-------------------------+-------+-------++-------
Melee: Unarmed           |    57 |    65 ||   122
       Punch             |       |     1 ||     1
  Use: Scroll            |       |     1 ||     1
       Potion            |       |     3 ||     3
 Stab: Sleeping          |     3 |       ||     3
Armor: Robe              |    16 |    45 ||    61
Dodge: Dodged            |    24 |    53 ||    77
